 Dungeon Crawl Stone Soup version 0.28.0-61-g67df4f89a8 (webtiles) character file.

Game seed: 14969566415586646818

1344 AarnesTheHuman the Cleaver (level 8, -1/78 HPs)
             Began as a Hill Orc Fighter on Feb 13, 2023.
             Was an Initiate of Okawaru.
             Slain by an ogre
             ... wielding a +0 giant spiked club
              (18 damage)
             ... while paralysed by Maggie
             ... on level 6 of the Dungeon.
             The game lasted 00:05:35 (4960 turns).

AarnesTheHuman the Cleaver (Hill Orc Fighter)       Turns: 4960, Time: 00:05:35

Health: -1/78      AC: 13    Str: 21    XL:     8   Next: 62%
Magic:  8/8        EV:  2    Int:  8    God:    Okawaru [......]
Gold:   80         SH:  0    Dex: 10    Spells: 7/7 levels left

rFire   . . .      SeeInvis .   a - +0 war axe
rCold   . . .      Faith    .   c - +0 buckler
rNeg    . . .      Spirit   .   b - +1 scale mail
rPois   .          Reflect  .   (no helmet)
rElec   .          Harm     .   f - +0 cloak
rCorr   .          Rampage  .   m - +0 pair of gloves
Will    .....                   o - +0 pair of boots
Stlth   ..........              (no amulet)
HPRegen 0.23/turn               l - +4 ring of slaying
MPRegen 0.11/turn               (no ring)

@: paralysed, mesmerised, hasted
A: no striking features
a: Renounce Religion


You were on level 6 of the Dungeon.
You worshipped Okawaru.
Okawaru was noncommittal.
You visited 1 branch of the dungeon, and saw 6 of its levels.

You collected 80 gold pieces.

Inventory:

Hand Weapons
 a - a +0 war axe (weapon)
Missiles
 j - 157 stones (quivered)
 n - a throwing net
 p - 20 sling bullets
 s - 6 atropa-tipped darts
Armour
 b - a +1 scale mail (worn)
 c - a +0 buckler (worn)
 f - a +0 cloak (worn)
 m - a +0 pair of gloves (worn)
 o - a +0 pair of boots (worn)
Jewellery
 l - a +4 ring of slaying (left hand)
Scrolls
 e - a scroll of teleportation
 q - a scroll of amnesia
Potions
 d - a potion of might
 g - a potion of curing
 h - a potion of lignification
 i - 2 potions of haste
 k - a potion of brilliance {unknown}


   Skills:
 + Level 9.5 Fighting
 + Level 9.9 Axes
 + Level 8.7 Armour
 + Level 8.7 Shields
 + Level 0.2 Invocations


You had 7 spell levels left.
You didn't know any spells.
Your spell library contained the following spells:

 Spells                   Type           Power      Damage    Failure   Level
 Gell's Gravitas          Tloc           0%         N/A       98%         3
 Lesser Beckoning         Tloc           0%         N/A       98%         3
 Teleport Other           Tloc           0%         N/A       98%         3
 Summon Ice Beast         Ice/Summ       Unusable   N/A       N/A         4
 Summon Mana Viper        Hex/Summ       Unusable   N/A       N/A         5
 Monstrous Menagerie      Summ           Unusable   N/A       N/A         7

Dungeon Overview and Level Annotations

Branches:
Dungeon (6/15)
 Temple: D:4-7

Altars:
Ashenzari
Dithmenos
Okawaru
Qazlal
Trog
Vehumet
Wu Jian
The Shining One
Beogh

Annotations:
D:6 Maggie


Message History

Okay, then.
Press: ? - help, v - describe, . - travel
Here: Maggie, wielding a +2 halberd of flaming, wearing +0 steam dragon scales and carrying a wand of paralysis (7)
The floor.
Unknown command.
Unknown command.
Okay, then.
You feel yourself speed up.
You aren't carrying any items that you can evoke.
Unknown command.
Okay, then.
Found a stone staircase leading down.
Maggie hits you from afar with a +2 halberd of flaming.
Maggie burns you.
An ogre comes into view. It is wielding a +0 giant spiked club.
The ogre shouts!
Maggie barely misses you.
You slash Maggie!
Maggie is moderately wounded.
You barely miss Maggie.
Maggie is moderately wounded.
Maggie zaps a wand.
You suddenly lose the ability to move!
Maggie hits you with a +2 halberd of flaming!
Maggie burns you.
Maggie zaps a wand.
You resist with some effort.
Maggie says, "Fear not.
I will immortalize you in the tale of my first kill."
Maggie points at you and mumbles some strange words.
The bolt of fire hits you!! Maggie hits you but does no damage.
The ogre hits you with a +0 giant spiked club!
* * * LOW HITPOINT WARNING * * *
Maggie gestures wildly while chanting.
Maggie attempts to bespell you!
You are mesmerised by Maggie!
Maggie hits you with a +2 halberd of flaming.
* * * LOW HITPOINT WARNING * * *
Maggie burns you.
* * * LOW HITPOINT WARNING * * *
The ogre hits you with a +0 giant spiked club!!
You die...

.. .> #.########
#........ #
......# #.##.#...
####...$#.# ..
......@@..# ..#.
#####.O...# ...
.....###^# ..
##### #.# .# .
#.###.# ##..
#######.....#.....
#.................
#.########........
#.......<#........


You could see Maggie (mesmerising) and an ogre.

Vanquished Creatures
  A black bear (D:5)
  An ogre (D:5)
  A phantom (D:5)
  A kobold brigand (D:5)
  A bullfrog (D:3)
  A water moccasin zombie (D:5)
  A vampire bat (D:3)
  A bullfrog zombie (D:5)
  A jelly (D:4)
  A centaur skeleton (D:5)
  A hound (D:5)
  A bullfrog skeleton (D:5)
  4 iguanas
  A hound zombie (D:5)
  4 gnolls (D:3)
  5 adders
  An ufetubus (D:5)
  An adder skeleton (D:4)
  A worm (D:4)
  2 dart slugs
  3 fire bats (D:3)
  13 orcs
  2 spectral bats (D:3)
  3 bat skeletons (D:3)
  A bat zombie (D:3)
  4 endoplasms
  2 giant cockroaches
  4 goblins
  5 hobgoblins
  10 kobolds
  4 quokkas
  4 ball pythons
  13 bats
  A bat simulacrum (D:3)
  A frilled lizard (D:2)
  7 rats
108 creatures vanquished.

Notes
Turn   | Place    | Note
-------+----------+-------------------------------------------
     0 | D:1      | AarnesTheHuman the Hill Orc Fighter began the quest for the
                  | Orb.
     0 | D:1      | Reached XP level 1. HP: 19/19 MP: 1/1
   317 | D:1      | Reached XP level 2. HP: 27/27 MP: 2/2
  1097 | D:2      | Reached XP level 3. HP: 30/33 MP: 3/3
  1526 | D:2      | Found a roughly hewn altar of Beogh.
  1537 | D:2      | Found a faded altar of an unknown god.
  1872 | D:3      | Noticed a bullfrog
  1882 | D:3      | Killed a bullfrog
  1883 | D:3      | Reached XP level 4. HP: 24/41 MP: 4/4
  2088 | D:3      | Reached XP level 5. HP: 39/47 MP: 5/5
  2957 | D:3      | Reached skill level 5 in Fighting
  2957 | D:3      | Reached XP level 6. HP: 56/56 MP: 6/6
  3121 | D:3      | Reached skill level 5 in Axes
  3332 | D:4      | Reached XP level 7. HP: 70/70 MP: 7/7
  3380 | D:4      | Found an ornate altar of the Wu Jian Council.
  3393 | D:4      | Found a broken altar of Ashenzari.
  3656 | D:4      | Found a bloodstained altar of Trog.
  3856 | D:4      | Found a glowing golden altar of the Shining One.
  3875 | D:5      | Entered Level 5 of the Dungeon
  4129 | D:5      | Reached XP level 8. HP: 77/78 MP: 8/8
  4506 | D:5      | Found a stormy altar of Qazlal.
  4602 | D:5      | Found a shadowy altar of Dithmenos.
  4603 | D:5      | Found an iron altar of Okawaru.
  4604 | D:5      | Found a radiant altar of Vehumet.
  4703 | D:5      | Became a worshipper of Warmaster Okawaru
  4949 | D:6      | Noticed Maggie
  4954 | D:6      | Paralysed by Maggie for 7 turns
  4960 | D:6      | Slain by an ogre

Illustrated notes

Levels and vault maps discovered:
D:1:      dpeg_arrival_rooms_b, layout_basic, corexii_corridor_pit
D:2:      minmay_wonky_spiral, layout_loops_ring,
          hellmonk_ecumenical_altar_defaced_shrine
D:3:      layout_basic, goddamned_bats
D:4:      layout_cave_pools, nzn_wu_jian_council_hall,
          mainiacjoe_overflow_swirl, ashenzari_conservatory_becter
D:5:      layout_loops_ring, mainiacjoe_overflow_alcove_3
D:6:      layout_basic, hangedman_decor_push, grunt_decor_junction,
          grunt_decor_fettered, uniq_sigmund, uniq_maggie, uniq_edmund,
          uniq_blork_the_orc

Skill      XL: |  1  2  3  4  5  6 |
---------------+-------------------+-----
Axes           | 3 4 9 |  9.9
Fighting       | 4 5 9 |  9.5
Armour         | 4 8 |  8.7
Shields        | 4 8 |  8.7
Invocations    | |  0.2

Action                   |  1- 3 |  4- 6 |  7- 9 || total
-------------------------+-------+-------+-------++-------
Melee: War axe           |    67 |   121 |    86 ||   274
  Use: Scroll            |     4 |     4 |     5 ||    13
       Potion            |       |     1 |     1 ||     2
Armor: Scale mail        |    41 |   116 |    57 ||   214
Dodge: Dodged            |    31 |    90 |    23 ||   144
Block: Buckler           |     9 |    44 |    24 ||    77
